 Dungeon Crawl Stone Soup version 0.32-a0-872-g59262bdc9b (webtiles) character file.

Game seed: 14533596048048963448

25 601d51SH the Ruffian (level 3, 0/28 HPs)
             Began as a Gnoll Shapeshifter on Mar 31, 2024.
             Slain by a gnoll
             ... wielding a +2 flail of holy wrath
              (8 damage)
             ... on level 1 of the Dungeon.
             The game lasted 00:01:39 (485 turns).

601d51SH the Ruffian (Gnoll Shapeshifter)            Turns: 485, Time: 00:01:40

Health: 0/28       AC:  2    Str: 15    XL:     3   Next: 4%
Magic:  3/3        EV: 12    Int:  9    God:
Gold:   16         SH:  0    Dex: 11    Spells: 3/3 levels left

rFire   . . .        k - staff of earth
rCold   . . .        (no shield)
rNeg    . . .        a - +0 animal skin
rPois   .            (helmet currently unavailable)
rElec   .            (cloak currently unavailable)
rCorr   .            (gloves currently unavailable)
SInv    .            (boots currently unavailable)
Will    .....        (no amulet)
Stlth   +            (no ring)
HPRegen 0.24/turn    (no ring)
MPRegen 0.08/turn

%: no passive effects
@: beast-form
A: beast (slay +3), fangs 1, strong nose, distributed training
a: Begin Untransformation


You were on level 1 of the Dungeon.
You were a hulking beast.
You visited 1 branch of the dungeon, and saw 2 of its levels.

You collected 16 gold pieces.

Inventory:

Hand Weapons
 i - a +0 club
 j - a +0 sling
Missiles
 f - 6 boomerangs (quivered)
Armour
 a - a +0 animal skin (worn)
 e - a +0 robe
Magical Staves
 k - a staff of earth (weapon)
Talismans
 c - a beast talisman (active)
 d - a flux talisman
Scrolls
 h - a scroll of identify {unknown}
 l - a scroll of noise {unknown}
Potions
 b - a potion of lignification
 g - a potion of resistance {unknown}


   Skills:
 + Level 2.5 Fighting
 + Level 0.6 Short Blades
 + Level 0.6 Long Blades
 + Level 0.6 Axes
 + Level 0.6 Maces & Flails
 + Level 0.6 Polearms
 + Level 0.6 Staves
 + Level 0.6 Ranged Weapons
 + Level 0.6 Throwing
 + Level 0.6 Armour
 + Level 4.5 Dodging
 + Level 0.6 Stealth
 + Level 0.6 Shields
 + Level 6.5 Unarmed Combat
 + Level 0.6 Spellcasting
 + Level 0.4 Conjurations
 + Level 0.4 Hexes
 + Level 0.4 Summonings
 + Level 0.4 Necromancy
 + Level 0.4 Translocations
 + Level 0.4 Fire Magic
 + Level 0.4 Ice Magic
 + Level 0.4 Air Magic
 + Level 0.4 Earth Magic
 + Level 0.4 Alchemy
 + Level 0.8 Invocations
 + Level 0.6 Evocations
 + Level 6.5 Shapeshifting


You had 3 spell levels left.
You didn't know any spells.
Your spell library was empty.

Dungeon Overview and Level Annotations

Branches:
Dungeon (2/15)

Altars:


Innate Abilities, Weirdness & Mutations

You are a hulking beast.
Your limbs bulge with bestial killing power. (Slay +3)
You have very sharp teeth.
Your uncanny sense of smell can sniff out nearby items.
Your experience applies equally to all skills.


Message History

You kill the dart slug!
You have reached level 3!
Your experience leads to an increase in your attributes!
Increase (S)trength, (I)ntelligence, or (D)exterity?
You feel stronger. x2
HP restored.
You see here a dart slug corpse.
A frilled lizard comes into view.
You hit the frilled lizard.
You kill the frilled lizard!
No target in view!
No target in view!
The gnoll shouts!
The gnoll hits the demonic plant with a +2 flail of holy wrath!
The demonic plant begins to die.
The gnoll hits the demonic plant with a +2 flail of holy wrath!
The gnoll hits the demonic plant with a +2 flail of holy wrath!
The gnoll hits the demonic plant with a +2 flail of holy wrath!
The gnoll hits the demonic plant with a +2 flail of holy wrath!
A nearby demonic plant withers and dies.
The gnoll hits the withered plant with a +2 flail of holy wrath.
The withered plant begins to crumble.
The withered plant begins to die.
The gnoll hits the withered plant with a +2 flail of holy wrath!
The gnoll hits the withered plant with a +2 flail of holy wrath!
You now have 16 gold pieces (gained 2).
The gnoll hits you with a +2 flail of holy wrath!
You barely miss the gnoll. The gnoll misses you.
You hit the gnoll. You bite the gnoll.
The gnoll is lightly wounded.
The gnoll hits you with a +2 flail of holy wrath!
* * * LOW HITPOINT WARNING * * *
You are too injured to fight recklessly!
You are too injured to fight recklessly!
You barely miss the gnoll.
The gnoll is lightly wounded.
The gnoll barely misses you.
You closely miss the gnoll.
The gnoll is lightly wounded.
The gnoll hits you with a +2 flail of holy wrath!
You die...

## ## #g###.# #### ## #g..#######
...# #.##PPP##....# ##.#
#######PP.....###.# ##.##
#.....#.P...P.###.#### #...##
#....h#P.P.P..#.#.#... .....##
#....#g..P.P.P.#....##
......######....#....P..P.#....##
.......'#......##.PP.P..P.#....##
........##.....##P..PP..PP#....##
.........#.....######_#####....#.
.........#......#....P.P..#......
..<......#.....##.....P.P.#...†#)
.........#......#P..P..P..#......


You could see a gnoll.

Vanquished Creatures
  A gnoll (D:1)
  A dart slug (D:1)
  An endoplasm (D:1)
  A giant cockroach (D:1)
  A kobold (D:1)
  2 quokkas (D:1)
  A ball python (D:1)
  3 frilled lizards (D:1)
  3 rats (D:1)
14 creatures vanquished.

Notes
Turn   | Place    | Note
-------+----------+-------------------------------------------
     0 | D:1      | 601d51SH the Gnoll Shapeshifter began the quest for the
                  | Orb.
     0 | D:1      | Reached XP level 1. HP: 17/17 MP: 1/1
   207 | D:1      | Reached XP level 2. HP: 23/23 MP: 2/2
   212 | D:1      | Found a faded altar of an unknown god.
   263 | D:1      | You fall into a shaft and drop 1 floor!
   367 | D:1      | Reached XP level 3. HP: 9/28 MP: 3/3
   485 | D:1      | Slain by a gnoll

Illustrated notes

Levels and vault maps discovered:
D:1:      lemuel_arrival_rhombus, layout_rooms, shapermc_ecumenical_altar_gd
D:2:      layout_basic, serial_shops, shop, shop, shop, shop, uniq_natasha

Action                     || total
---------------------------++-------
  Melee: Unarmed           ||     8
         Staff             ||    24
         Bite              ||     3
 Armour: Animal skin       ||    15
  Dodge: Dodged            ||    14

Table legend: (Time is in decaauts)
 A = Elapsed time spent in this place.
 B = Non-inter-level travel time spent in this place.
 C = Inter-level travel time spent in this place.
 D = Time resting spent in this place.
 E = Time spent auto-exploring this place.
 F = Levels seen in this place.
 G = Mean time per level.
                   A        B        C        D        E       F      G
               +--------+--------+--------+--------+--------+-----+--------+
         Total |    488 |    488 |      0 |      0 |    346 |   2 |  244.0 |
       Dungeon |    488 |    488 |      0 |      0 |    346 |   2 |  244.0 |
               +--------+--------+--------+--------+--------+-----+--------+

Top non-repeatable levels by time:
     D:1: 485 daAuts
     D:2: 2 daAuts
